 Dungeon Crawl Stone Soup version 0.29-a0-676-ga64570c (webtiles) character file.

Game seed: 3099701027955067500

57 Meow the Conjurer (level 4, 36/36 HPs)
             Began as a Naga Conjurer on June 24, 2022.
             Quit the game on level 2 of the Dungeon.
             The game lasted 00:05:21 (1419 turns).

Meow the Conjurer (Naga Conjurer)                   Turns: 1419, Time: 00:05:22

Health: 36/36      AC:  2    Str: 10    XL:     4   Next: 0%
Magic:  5/7        EV:  9    Int: 20    God:
Gold:   124        SH:  0    Dex:  9    Spells: 5/8 levels left

rFire   . . .      SeeInvis +   a - +1 short sword (elec)
rCold   . . .      Faith    .   (no shield)
rNeg    . . .      Spirit   .   e - +0 robe
rPois   +          Reflect  .   (no helmet)
rElec   .          Harm     .   (no cloak)
rCorr   .          Rampage  .   (no gloves)
Will    .....                   (no barding)
Stlth   ++........              (no amulet)
HPRegen 0.12/turn               (no ring)
MPRegen 0.10/turn               (no ring)

@: short of breath, very slow
A: AC +1, large, see invisible, deformed body, poison resistance, slowness 2,
spit poison 1, naga tail 1
a: Spit Poison


You were on level 2 of the Dungeon.
You visited 1 branch of the dungeon, and saw 2 of its levels.

You collected 124 gold pieces.

Inventory:

Hand Weapons
 a - a +1 short sword of electrocution (weapon)
 k - a +0 short sword
Missiles
 h - 18 stones
Armour
 e - a +0 robe (worn)
Jewellery
 g - a ring of flight
Scrolls
 c - a scroll of identify {unknown}
 d - a scroll of fog
 i - a scroll of blinking {unknown}
 j - 2 scrolls of enchant armour {unknown}
 l - a scroll of torment {unknown}
Potions
 b - a potion of magic
 f - a potion of haste {unknown}


   Skills:
 - Level 1.5 Dodging
 + Level 4.3 Stealth
 + Level 2.6 Spellcasting
 + Level 4.6 Conjurations


You had 5 spell levels left.
You knew the following spells:

 Your Spells              Type           Power      Damage    Failure   Level
a - Magic Dart            Conj           84%        1d7       2%          1
b - Searing Ray           Conj           42%        2d6       3%          2

Your spell library contained the following spells:

 Spells                   Type           Power      Damage    Failure   Level
 Dazzling Flash           Conj/Hex       22%        N/A       17%         3
 Call Imp                 Summ           2%         N/A       22%         2
 Mephitic Cloud           Conj/Pois/Air  8%         N/A       24%         3
 Fulminant Prism          Conj/Hex       5%         3d7       50%         4
 Iskenderun's Mystic Bla  Conj/Tloc      11%        2d4       50%         4


Dungeon Overview and Level Annotations

Branches:
Dungeon (2/15)

Altars:


Innate Abilities, Weirdness & Mutations

Your serpentine skin is tough. (AC +1)
You have supernaturally acute eyesight. (SInv)
Armour fits poorly on your strangely shaped body.
Your system is resistant to poisons. (rPois)
You cover ground very slowly.
You can spit poison.
You have a snake-like lower body.


Message History

The endoplasm is almost dead.
The endoplasm barely misses you.
You hit the endoplasm.
You kill the endoplasm!
Aiming: Spit Poison (2% risk of failure)
Press: ? - help, Shift-Dir - straight line, f - frilled lizard
Aim: a frilled lizard (37% to hit)
The splash of poison hits the frilled lizard.
You kill the frilled lizard!
Unknown command.
You start resting.
You have got your breath back.
You start resting.
A frilled lizard comes into view.
Aiming: Spit Poison (2% risk of failure)
Press: ? - help, Shift-Dir - straight line, f - frilled lizard
Aim: a frilled lizard (wandering, hasn't noticed you, 37% to hit)
The splash of poison misses the frilled lizard.
Unknown command.
Casting: Searing Ray (safe; 3% risk of failure)
Confirm with . or Enter, or press ? or * to list all spells.
Aiming: Magic Dart (safe; 2% risk of failure)
Press: ? - help, Shift-Dir - straight line, f/p - frilled lizard
Aim: a frilled lizard (wandering, hasn't noticed you, 100% to hit)
The magic dart hits the frilled lizard.
You kill the frilled lizard!
Unknown command.
You start resting.
You have got your breath back.
You start resting.
A frilled lizard comes into view.
A frilled lizard is nearby!
Aiming: Spit Poison (2% risk of failure)
Press: ? - help, Shift-Dir - straight line, f - frilled lizard
Aim: a frilled lizard (wandering, hasn't noticed you, 37% to hit)
The splash of poison hits the frilled lizard!
You kill the frilled lizard!
You have reached level 4!
You feel stronger.
Are you sure you want to abandon this character and quit the game? (Confirm with "yes".)

##### #### ##...##...#####
##..........#..$
#.............#
###########............#
......#................#
......#.####..........# ##..
........# ##...@#...## #...#
.......## ####.#.#####....#
......## #######†#†#........#
......# #...............#..#
......# #..................
..##### #..............### .
.## #......).......# ...
.#########..............##..#
###......#..................##


There were no monsters in sight!

Vanquished Creatures
  A gnoll (D:1)
  An adder (D:2)
  A worm (D:2)
  A dart slug (D:2)
  5 endoplasms
  A giant cockroach (D:1)
  2 goblins (D:1)
  5 hobgoblins
  A kobold (D:2)
  6 ball pythons (D:1)
  2 bats (D:1)
  4 frilled lizards (D:2)
  5 rats (D:1)
35 creatures vanquished.

Vanquished Creatures (others)
  9 plants (D:2)
9 creatures vanquished.

Grand Total: 44 creatures vanquished

Notes
Turn   | Place    | Note
-------+----------+-------------------------------------------
     0 | D:1      | Meow the Naga Conjurer began the quest for the Orb.
     0 | D:1      | Reached XP level 1. HP: 15/15 MP: 3/3
   427 | D:1      | Reached XP level 2. HP: 22/22 MP: 5/5
   430 | D:1      | Learned a level 2 spell: Searing Ray
   666 | D:1      | Reached XP level 3. HP: 28/28 MP: 6/6
   735 | D:1      | Found a faded altar of an unknown god.
  1419 | D:2      | Reached XP level 4. HP: 36/36 MP: 5/7
  1419 | D:2      | Quit the game

Illustrated notes

Levels and vault maps discovered:
D:1:      pf_arrival_petrified_forest, layout_basic,
          shapermc_ecumenical_altar_mp_urbaneastern
D:2:      layout_rooms, minmay_lizard_king, uniq_jessica, uniq_sigmund

Skill      XL: |  1  2  3 |
---------------+----------+-----
Stealth        | 4 |  4.3
Dodging        | |  1.5
Spellcasting   | |  2.6
Conjurations   | |  4.6

Action                   |  1- 3 |  4- 6 || total
-------------------------+-------+-------++-------
Melee: Unarmed           |     3 |       ||     3
       Short sword       |    10 |       ||    10
       Punch             |     1 |       ||     1
 Cast: Magic Dart        |    21 |       ||    21
       Searing Ray       |     5 |       ||     5
 Abil: Spit Poison       |    23 |       ||    23
  Use: Scroll            |     1 |       ||     1
Armor: Robe              |     5 |       ||     5
Dodge: Dodged            |     7 |       ||     7

Table legend: (Time is in decaauts)
 A = Elapsed time spent in this place.
 B = Non-inter-level travel time spent in this place.
 C = Inter-level travel time spent in this place.
 D = Time resting spent in this place.
 E = Time spent auto-exploring this place.
 F = Levels seen in this place.
 G = Mean time per level.
                   A        B        C        D        E       F      G
               +--------+--------+--------+--------+--------+-----+--------+
         Total |   1802 |   1802 |      0 |    350 |    787 |   2 |  901.0 |
       Dungeon |   1802 |   1802 |      0 |    350 |    787 |   2 |  901.0 |
               +--------+--------+--------+--------+--------+-----+--------+

Top non-repeatable levels by time:
     D:1: 1512 daAuts
     D:2: 290 daAuts
